| TOP OF THE 1ST |
|
Hillsboro Hops batting - Pitching for Batavia Muckdogs : RHP Ryan Kominski
|
|
Pitching: RHP Ryan Kominski
|
|
|
Batting: SHB David Barona
|
0-0: Swinging Strike 0-1: Foul Ball, location: 2F 0-2: Ball 1-2: Ground out 1-3 (Groundball, P, EV 74.4 MPH)
|
|
Batting: RHB Paul Healy
|
0-0: Swinging Strike 0-1: Swinging Strike 0-2: Ball 1-2: Ball 2-2: Foul Ball, location: 2F 2-2: Ball 3-2: Ground out 5-3 (Groundball, 56, EV 91.2 MPH)
|
|
Batting: RHB Nikita Schram
|
0-0: Called Strike 0-1: Called Strike 0-2: Ball 1-2: Ball 2-2: Ball 3-2: Ground out 1-3 (Groundball, 13S, EV 65.6 MPH)
|
| Top of the 1st over - 0 runs, 0 hits, 0 errors, 0 left on base; Hillsboro 0 - Batavia 0 |
| BOTTOM OF THE 1ST |
|
Batavia Muckdogs batting - Pitching for Hillsboro Hops : RHP Paul Corcoran
|
|
Pitching: RHP Paul Corcoran
|
|
|
Batting: RHB Jeremy Dennis
|
0-0: Ground out 4-3 (Groundball, 4, EV 100.6 MPH)
|
|
Batting: RHB Rick English
|
0-0: Ball 1-0: Called Strike 1-1: Foul Ball, location: 2F 1-2: Strikes out swinging
|
|
Batting: SHB Justin Corbett
|
0-0: Ball 1-0: Called Strike 1-1: Ball 2-1: Called Strike 2-2: Strikes out looking
|
| Bottom of the 1st over - 0 runs, 0 hits, 0 errors, 0 left on base; Hillsboro 0 - Batavia 0 |
| TOP OF THE 2ND |
|
Hillsboro Hops batting - Pitching for Batavia Muckdogs : RHP Ryan Kominski
|
|
Batting: SHB Johnny Diaz
|
0-0: Fly out, F8 (Line Drive, 89D, EV 91.2 MPH)
|
|
Batting: RHB T.J. Jordan
|
0-0: Swinging Strike 0-1: Swinging Strike 0-2: Foul Ball, location: 2F 0-2: Foul Ball, location: 2F 0-2: Strikes out swinging
|
|
Batting: RHB Dale Young
|
0-0: Ball 1-0: Called Strike 1-1: SOLO HOME RUN (Flyball, 78XD, EV 106.2 MPH), Distance : 397 ft
|
|
Batting: LHB Ron Mills
|
0-0: Called Strike 0-1: Foul Ball, location: 2F 0-2: Foul Ball, location: 2F 0-2: Strikes out looking
|
| Top of the 2nd over - 1 run, 1 hit, 0 errors, 0 left on base; Hillsboro 1 - Batavia 0 |
| BOTTOM OF THE 2ND |
|
Batavia Muckdogs batting - Pitching for Hillsboro Hops : RHP Paul Corcoran
|
|
Batting: RHB Justin Dunham
|
0-0: Ball 1-0: Called Strike 1-1: Ball 2-1: Fly out, F5 (Line Drive, 56, EV 70.6 MPH)
|
|
Batting: RHB Tony Ledezma
|
0-0: Ball 1-0: Ground out 4-3 (Groundball, 4, EV 80.0 MPH)
|
|
Batting: LHB Danny Treto
|
0-0: Called Strike 0-1: Ground out U3 (Groundball, 3, EV 84.4 MPH)
|
| Bottom of the 2nd over - 0 runs, 0 hits, 0 errors, 0 left on base; Hillsboro 1 - Batavia 0 |
| TOP OF THE 3RD |
|
Hillsboro Hops batting - Pitching for Batavia Muckdogs : RHP Ryan Kominski
|
|
Batting: RHB Jonathan Underhill
|
0-0: Called Strike 0-1: Ball 1-1: Fly out, F9 (Flyball, 89S, EV 89.4 MPH)
|
|
Batting: RHB Ryuki Ogasawara
|
0-0: Ball 1-0: Foul Ball, location: 2F 1-1: Called Strike 1-2: SINGLE (Groundball, 6, EV 101.9 MPH)
|
|
Batting: SHB David Barona
|
0-0: Called Strike 0-1: Fielders Choice at 2nd, 3-6 (Groundball, 3, EV 79.4 MPH)
|
|
Batting: RHB Paul Healy
|
0-0: Foul Ball, location: 2F 0-1: Ball 1-1: Foul Ball, location: 2F 1-2: Foul Ball, location: 2F 1-2: Fly out, F8 (Flyball, 8LS, EV 85.0 MPH)
|
| Top of the 3rd over - 0 runs, 1 hit, 0 errors, 1 left on base; Hillsboro 1 - Batavia 0 |
| BOTTOM OF THE 3RD |
|
Batavia Muckdogs batting - Pitching for Hillsboro Hops : RHP Paul Corcoran
|
|
Batting: RHB George Boivin
|
0-0: Ball 1-0: Ground out 6-3 (Groundball, 4M, EV 78.1 MPH)
|
|
Batting: RHB Andy Kelly
|
0-0: Ball 1-0: Ball 2-0: Called Strike 2-1: Ball 3-1: Foul Ball, location: 2F 3-2: Foul Ball, location: 2F 3-2: DOUBLE (Line Drive, 5D, EV 96.9 MPH)
|
|
Batting: RHB Hiromitsu Yamada
|
0-0: Called Strike 0-1: Ball 1-1: Swinging Strike 1-2: Ball 2-2: Ball 3-2: Strikes out swinging
|
|
Batting: RHB Jeremy Dennis
|
0-0: Called Strike 0-1: Swinging Strike 0-2: Foul Ball, location: 2F 0-2: Strikes out looking
|
| Bottom of the 3rd over - 0 runs, 1 hit, 0 errors, 1 left on base; Hillsboro 1 - Batavia 0 |
| TOP OF THE 4TH |
|
Hillsboro Hops batting - Pitching for Batavia Muckdogs : RHP Ryan Kominski
|
|
Batting: RHB Nikita Schram
|
0-0: Foul Ball, location: 2F 0-1: Foul Ball, location: 2F 0-2: Ball 1-2: Ball 2-2: Ground out 4-3 (Groundball, 4, EV 87.5 MPH)
|
|
Batting: SHB Johnny Diaz
|
0-0: Ball 1-0: Ball 2-0: Foul Ball, location: 2F 2-1: Ball 3-1: Fly out, F8 (Flyball, 8LD, EV 103.8 MPH)
|
|
Batting: RHB T.J. Jordan
|
0-0: Ball 1-0: Foul Ball, location: 2F 1-1: Foul Ball, location: 2F 1-2: Strikes out swinging
|
| Top of the 4th over - 0 runs, 0 hits, 0 errors, 0 left on base; Hillsboro 1 - Batavia 0 |
| BOTTOM OF THE 4TH |
|
Batavia Muckdogs batting - Pitching for Hillsboro Hops : RHP Paul Corcoran
|
|
Batting: RHB Rick English
|
0-0: Called Strike 0-1: Foul Ball, location: 2F 0-2: Strikes out swinging
|
|
Batting: SHB Justin Corbett
|
0-0: Ball 1-0: Foul Ball, location: 2F 1-1: Foul Ball, location: 2F 1-2: Strikes out looking
|
|
Batting: RHB Justin Dunham
|
0-0: Called Strike 0-1: Swinging Strike 0-2: Ball 1-2: Strikes out looking
|
| Bottom of the 4th over - 0 runs, 0 hits, 0 errors, 0 left on base; Hillsboro 1 - Batavia 0 |
| TOP OF THE 5TH |
|
Hillsboro Hops batting - Pitching for Batavia Muckdogs : RHP Ryan Kominski
|
|
Batting: RHB Dale Young
|
0-0: Ball 1-0: Ball 2-0: Ball 3-0: Called Strike 3-1: Called Strike 3-2: Fly out, F7 (Line Drive, 7LS, EV 101.9 MPH)
|
|
Batting: LHB Ron Mills
|
0-0: Called Strike 0-1: Called Strike 0-2: Foul Ball, location: 2F 0-2: Ball 1-2: Strikes out swinging
|
|
Batting: RHB Jonathan Underhill
|
0-0: SINGLE (Flyball, 34D, EV 88.1 MPH)
|
|
Batting: RHB Ryuki Ogasawara
|
0-0: Called Strike Jonathan Underhill steals 2nd base 0-1: Ball Wild Pitch! Jonathan Underhill to third 1-1: Called Strike 1-2: Strikes out swinging, 2-3 out at first.
|
| Top of the 5th over - 0 runs, 1 hit, 0 errors, 1 left on base; Hillsboro 1 - Batavia 0 |
| BOTTOM OF THE 5TH |
|
Batavia Muckdogs batting - Pitching for Hillsboro Hops : RHP Paul Corcoran
|
|
Batting: RHB Tony Ledezma
|
0-0: Called Strike 0-1: Ground out 6-3 (Groundball, 56, EV 99.4 MPH)
|
|
Batting: LHB Danny Treto
|
0-0: Ball 1-0: Called Strike 1-1: Swinging Strike 1-2: Ball 2-2: Strikes out swinging
|
|
Batting: RHB George Boivin
|
0-0: Ground out 4-3 (Groundball, 4, EV 78.8 MPH)
|
| Bottom of the 5th over - 0 runs, 0 hits, 0 errors, 0 left on base; Hillsboro 1 - Batavia 0 |
| TOP OF THE 6TH |
|
Hillsboro Hops batting - Pitching for Batavia Muckdogs : RHP Ryan Kominski
|
|
Batting: SHB David Barona
|
0-0: Called Strike 0-1: Ball 1-1: Foul Ball, location: 2F 1-2: Strikes out looking
|
|
Batting: RHB Paul Healy
|
0-0: Called Strike 0-1: Ball 1-1: Ball 2-1: Foul Ball, location: 2F 2-2: Strikes out looking
|
|
Batting: RHB Nikita Schram
|
0-0: Called Strike 0-1: Fly out, F9 (Flyball, 89M, EV 85.0 MPH)
|
| Top of the 6th over - 0 runs, 0 hits, 0 errors, 0 left on base; Hillsboro 1 - Batavia 0 |
| BOTTOM OF THE 6TH |
|
Batavia Muckdogs batting - Pitching for Hillsboro Hops : RHP Paul Corcoran
|
|
Batting: RHB Andy Kelly
|
0-0: Called Strike 0-1: Ball 1-1: Ball 2-1: Swinging Strike 2-2: Fly out, F9 (Flyball, 9S, EV 85.0 MPH)
|
|
Batting: RHB Hiromitsu Yamada
|
0-0: Called Strike 0-1: Swinging Strike 0-2: Ball 1-2: Foul Ball, location: 2F 1-2: Ball 2-2: Ball 3-2: Foul Ball, location: 2F 3-2: SINGLE (Groundball, 56D, EV 99.4 MPH)
|
|
Batting: RHB Jeremy Dennis
|
0-0: Called Strike 0-1: Ball 1-1: Called Strike 1-2: Ball Hiromitsu Yamada is caught stealing 2nd base 2-4 2-2: Foul Ball, location: 2F 2-2: SINGLE (Groundball, 6M, EV 103.8 MPH) (infield hit)
|
|
Batting: RHB Rick English
|
0-0: Called Strike Jeremy Dennis steals 2nd base (no throw) 0-1: Ball 1-1: Fly out, F8 (Flyball, 89M, EV 93.1 MPH)
|
| Bottom of the 6th over - 0 runs, 2 hits, 0 errors, 1 left on base; Hillsboro 1 - Batavia 0 |
| TOP OF THE 7TH |
|
Hillsboro Hops batting - Pitching for Batavia Muckdogs : RHP Ryan Kominski
|
|
Batting: SHB Johnny Diaz
|
0-0: Called Strike 0-1: Ball 1-1: Ball 2-1: Swinging Strike 2-2: Ball 3-2: Strikes out swinging
|
|
Batting: RHB T.J. Jordan
|
0-0: Ball 1-0: Called Strike 1-1: Fly out, F8 (Flyball, 89M, EV 76.9 MPH)
|
|
Batting: RHB Dale Young
|
0-0: Ball 1-0: Ball 2-0: Called Strike 2-1: Swinging Strike 2-2: Strikes out swinging
|
| Top of the 7th over - 0 runs, 0 hits, 0 errors, 0 left on base; Hillsboro 1 - Batavia 0 |
| BOTTOM OF THE 7TH |
|
Batavia Muckdogs batting - Pitching for Hillsboro Hops : RHP Paul Corcoran
|
|
Batting: SHB Justin Corbett
|
0-0: Reached on error, E2 (Groundball, 2L, EV 68.8 MPH)
|
|
Batting: RHB Justin Dunham
|
0-0: Ball 1-0: Called Strike 1-1: Ball 2-1: Foul Ball, location: 2F 2-2: Ball 3-2: Strikes out swinging
|
|
Batting: RHB Tony Ledezma
|
0-0: Called Strike Justin Corbett is caught stealing 2nd base 2-4 0-1: Fly out, F7 (Line Drive, 78M, EV 92.5 MPH)
|
| Bottom of the 7th over - 0 runs, 0 hits, 1 error, 0 left on base; Hillsboro 1 - Batavia 0 |
| TOP OF THE 8TH |
|
Hillsboro Hops batting - Pitching for Batavia Muckdogs : RHP Ryan Kominski
|
|
Batting: LHB Ron Mills
|
0-0: Ball 1-0: Ground out 4-3 (Groundball, 4D, EV 108.8 MPH)
|
|
Batting: RHB Jonathan Underhill
|
0-0: Ball 1-0: Foul Ball, location: 2F 1-1: Called Strike 1-2: Strikes out swinging
|
|
Batting: RHB Ryuki Ogasawara
|
0-0: Ball 1-0: Called Strike 1-1: Ground out 6-3 (Groundball, 6, EV 103.1 MPH)
|
| Top of the 8th over - 0 runs, 0 hits, 0 errors, 0 left on base; Hillsboro 1 - Batavia 0 |
| BOTTOM OF THE 8TH |
|
Batavia Muckdogs batting - Pitching for Hillsboro Hops : RHP Paul Corcoran
|
|
Batting: LHB Danny Treto
|
0-0: Fly out, F8 (Flyball, 8RXD, EV 99.4 MPH)
|
|
Batting: RHB George Boivin
|
0-0: Called Strike 0-1: Fly out, F8 (Flyball, 8LD, EV 107.5 MPH)
|
|
Batting: RHB Andy Kelly
|
0-0: Called Strike 0-1: Swinging Strike 0-2: Ball 1-2: Strikes out swinging
|
| Bottom of the 8th over - 0 runs, 0 hits, 0 errors, 0 left on base; Hillsboro 1 - Batavia 0 |
| TOP OF THE 9TH |
|
Hillsboro Hops batting - Pitching for Batavia Muckdogs : RHP Ryan Kominski
|
|
Pitching: RHP Matt Slater
|
|
|
Batting: SHB David Barona
|
0-0: Called Strike 0-1: Swinging Strike 0-2: Strikes out swinging
|
|
Batting: RHB Paul Healy
|
0-0: Ground out 6-3 (Groundball, 6, EV 94.4 MPH)
|
|
Batting: RHB Nikita Schram
|
0-0: Foul Ball, location: 2F 0-1: Ball 1-1: Hit by Pitch
|
|
Batting: SHB Johnny Diaz
|
0-0: Ball Nikita Schram steals 2nd base 1-0: Ball 2-0: Ball 3-0: Called Strike 3-1: Base on Balls
|
|
Batting: RHB T.J. Jordan
|
0-0: Ball 1-0: Foul Ball, location: 2F 1-1: Called Strike 1-2: Strikes out swinging
|
| Top of the 9th over - 0 runs, 0 hits, 0 errors, 2 left on base; Hillsboro 1 - Batavia 0 |
| BOTTOM OF THE 9TH |
|
Batavia Muckdogs batting - Pitching for Hillsboro Hops : RHP Paul Corcoran
|
|
Pitching: LHP Jesus Gallegos
|
|
|
Now at 1B: Antonio Luisa
|
|
|
Batting: RHB Hiromitsu Yamada
|
0-0: Called Strike 0-1: Ball 1-1: Foul Ball, location: 2F 1-2: Foul Ball, location: 2F 1-2: Ball 2-2: Strikes out swinging
|
|
Batting: RHB Jeremy Dennis
|
0-0: Ground out 5-3 (Groundball, 56, EV 104.4 MPH)
|
|
Batting: RHB Rick English
|
0-0: Called Strike 0-1: Ball 1-1: Foul Ball, location: 2F 1-2: SINGLE (Groundball, 6MD, EV 103.8 MPH)
|
|
Batting: SHB Justin Corbett
|
0-0: Ground out 4-3 (Groundball, 34, EV 86.9 MPH)
|
| Bottom of the 9th over - 0 runs, 1 hit, 0 errors, 1 left on base; Hillsboro 1 - Batavia 0 |
|